 Dungeon Crawl Stone Soup version 0.19-a0-1568-gdd01aac (webtiles) character file.

504 Amnesiac the Digger (level 6, -2/41 HPs)
             Began as a Mummy Earth Elementalist on Sept 15, 2016.
             Slain by a centaur (4 damage)
             ... on level 5 of the Dungeon.
             The game lasted 00:07:21 (2482 turns).

Amnesiac the Digger (Mummy Earth Elementalist)      Turns: 2482, Time: 00:07:22

Health: -2/41      AC:  2    Str: 11    XL:     6   Next: 96%
Magic:  4/10       EV: 12    Int: 16    God:
Gold:   105        SH:  0    Dex: 13    Spells: 3 memorised, 4 levels left

rFire  x . .     SeeInvis .     b - 27 stones
rCold  + . .     Gourm    .     c - +0 robe
rNeg   + + +     Faith    .     (no shield)
rPois  ∞         Spirit   .     (no helmet)
rElec  .         Dismiss  .     (no cloak)
rCorr  .         Reflect  .     (no gloves)
MR     .....     Harm     .     (no boots)
Stlth  ++........               (no amulet)
                                (no ring)
                                (no ring)

@: no status effects
A: no food or potions, fire vulnerability, cold resistance 1, negative energy
resistance 3, torment resistance, unbreathing
a: no special abilities


You were on level 5 of the Dungeon.
You were not hungry.

You visited 1 branch of the dungeon, and saw 5 of its levels.

You collected 105 gold pieces.

Inventory:

Hand Weapons
 a - a +2 dagger of venom
Missiles
 b - 27 stones (in hand)
Armour
 c - a +0 robe (worn)
Wands
 l - a wand of acid (6/15)
 m - a wand of disintegration (15/24)
Scrolls
 e - a scroll of enchant weapon {unknown}
 g - a scroll of fear {unknown}
 h - a scroll of random uselessness {unknown}
 i - a scroll of noise {unknown}
 j - a scroll of remove curse {unknown}
 k - a scroll of teleportation
Books
 d - a book of Geomancy

   Spells                             Type                      Level
   a - Sandblast                      Earth                        1
   b - Passwall                       Transmutation/Earth          2
   c - Stone Arrow                    Conjuration/Earth            3
   d - Petrify                        Transmutation/Earth          4
   e - Lee's Rapid Deconstruction     Earth                        5


   Skills:
 - Level 1.9 Dodging
 - Level 1.6 Stealth
 - Level 3.0 Spellcasting
 - Level 0.7 Transmutations
 + Level 6.1 Earth Magic


You had 4 spell levels left.
You knew the following spells:

 Your Spells              Type           Power        Failure   Level  Hunger
e - Petrify               Tmut/Erth      ##......     50%         4    N/A
v - Passwall              Tmut/Erth      ##........   10%         2    N/A
z - Sandblast             Erth           ###...       1%          1    N/A

Dungeon Overview and Level Annotations

Branches:
Dungeon (5/15)
 Temple: D:4-7

Altars:
Makhleb
Ru

Shops:
D:4 }


Innate Abilities, Weirdness & Mutations

You do not eat or drink.
Your flesh is vulnerable to fire.
You are immune to poison.
Your flesh is cold resistant. (rC+)
You are immune to negative energy. (rN+++)
You are immune to unholy pain and torment.
You can survive without breathing.


Message History

The iguana bites you.
* * * LOW HITPOINT WARNING * * *
Unknown command.
Casting: Sandblast
Confirm with . or Enter, or press ? or * to list all spells.
Aiming: Sandblast
Press: ? - help, Shift-Dir - straight line, f/p - centaur
Aim: a centaur (heavily wounded)
The rocky blast hits the centaur.
The centaur is heavily wounded.
The centaur hits you.
* * * LOW HITPOINT WARNING * * *
The iguana closely misses you. The centaur misses you.
Unknown command.
The centaur hits you.
* * * LOW HITPOINT WARNING * * *
An orc comes into view.
You see here an arrow.
The centaur hits you.
You die...

##..## ... #....# # .o.
##....## ## ....
##..#...###. .....
#...#...#... ...#
##..###...... #.o#
####.....#......
#..####..............#
#ol(@..##...........#
#####c#####...........#
#. #.## #............
#.##.# #<..........#
#....# #...........#
##..## #..........##
#..## ...........#
#...# #..........##
#...## #.........##


You could see a centaur, an iguana and an orc.

Vanquished Creatures
  An ogre (D:5)
  A scorpion (D:3)
  A bullfrog zombie (D:5)
  An orc priest (D:5)
  3 orc wizards
  2 hounds (D:5)
  Terence (D:3)
  An iguana (D:4)
  7 adders
  A shadow imp (D:5)
  2 dart slugs (D:1)
  3 leopard geckos
  7 orcs
  5 goblins
  2 hobgoblins
  2 kobolds
  A quokka (D:3)
  3 bats
  3 rats
47 creatures vanquished.

Notes
Turn   | Place    | Note
-------+----------+-------------------------------------------
     0 | D:1      | Amnesiac the Mummy Earth Elementalist began the quest for the Orb.
     0 | D:1      | Reached XP level 1. HP: 13/13 MP: 3/3
   212 | D:1      | Reached XP level 2. HP: 15/19 MP: 5/5
   579 | D:3      | Found a burning altar of Makhleb.
   579 | D:3      | Found a sacrificial altar of Ru.
   590 | D:3      | Noticed a scorpion
   614 | D:3      | Killed a scorpion
   614 | D:3      | Reached skill level 3 in Earth Magic
   614 | D:3      | Reached XP level 3. HP: 13/24 MP: 6/6
   629 | D:3      | Reached XP level 4. HP: 12/30 MP: 7/7
   897 | D:3      | Reached skill level 4 in Earth Magic
  1035 | D:3      | Noticed Terence
  1046 | D:3      | Killed Terence
  1150 | D:4      | Reached XP level 5. HP: 32/35 MP: 3/8
  1437 | D:4      | Found Sisatip's Gadget Boutique.
  1734 | D:4      | Reached skill level 5 in Earth Magic
  1864 | D:5      | Entered Level 5 of the Dungeon
  2069 | D:5      | Reached XP level 6. HP: 25/41 MP: 0/10
  2205 | D:5      | Learned a level 2 spell: Passwall
  2210 | D:5      | Learned a level 4 spell: Petrify
  2426 | D:5      | Reached skill level 6 in Earth Magic
  2481 | D:5      | HP: 2/41 [centaur (3)]
  2482 | D:5      | Slain by a centaur

Vault maps used:
D:1:      dpeg_arrival_round_a
D:2:      st_stairs_6, nicolae_ru_path_of_blood
D:3:      lemuel_round_altar, minmay_misc_feat_encased, bloody_makhleb,
          uniq_terence
D:4:      serial_shops, nicolae_shop_behind_doors
D:5:      first_bread, hangedman_decor_peaks_small

Skill      XL: |  1  2  3  4  5  6 |
---------------+-------------------+-----
Earth Magic    | 3 4 5 6 |  6.1
Spellcasting   | 3 |  3.0
Dodging        | |  1.9
Stealth        | |  1.6
Transmutations | |  0.7

Action                   |  1- 3 |  4- 6 || total
-------------------------+-------+-------++-------
Melee: Dagger            |    24 |    29 ||    53
 Cast: Sandblast         |     5 |    61 ||    66
  Use: Scroll            |       |     3 ||     3
 Stab: Sleeping          |     1 |     1 ||     2
       Distracted        |       |     1 ||     1
Armor: Robe              |     7 |     5 ||    12
Dodge: Dodged            |    22 |    30 ||    52
